 Dungeon Crawl Stone Soup version 0.31-a0-1074-g0b22e4e0f1 (webtiles) character file.

Game seed: 11674615196306147895

10133 tbh1313 the Cleaver (level 11, -7/99 HPs)
             Began as a Minotaur Berserker on Dec 1, 2023.
             Was an Elder of Trog.
             Shot with a bolt by a yaktaur captain (21 damage)
             ... on level 11 of the Dungeon.
             The game lasted 00:31:08 (8638 turns).

tbh1313 the Cleaver (Minotaur Berserker)            Turns: 8638, Time: 00:31:09

Health: -7/99      AC: 12    Str: 28    XL:     11   Next: 32%
Magic:  10/10      EV: 16    Int:  8    God:    Trog [****..]
Gold:   409        SH:  6    Dex: 16    Spells: 10/10 levels left

rFire   . . .        b - +2 hand cannon (freeze)
rCold   . . .        K - +1 buckler {reflect}
rNeg    . . .        I - +0 steam dragon scales
rPois   .            (helmet restricted)
rElec   .            L - +1 cloak
rCorr   .            p - +1 pair of gloves
SInv    .            (no boots)
Will    .....        l - amulet of regeneration
Stlth   +            G - +6 ring of dexterity
HPRegen 1.16/turn    B - +6 ring of strength
MPRegen 0.12/turn

%: reflection
@: no status effects
A: horns 2, retaliatory headbutt
a: Renounce Religion, Berserk, Trog's Hand, Brothers in Arms


You were on level 11 of the Dungeon.
You worshipped Trog.
Trog was greatly pleased with you.
You visited 1 branch of the dungeon, and saw 11 of its levels.

You collected 683 gold pieces.
You spent 274 gold pieces at shops.

Inventory:

Hand Weapons
 a - a +2 hand axe of venom
 b - a +2 hand cannon of freezing (weapon)
 C - a +1 war axe
Armour
 d - a +1 ring mail of poison resistance
 f - a +0 kite shield
 p - a +1 pair of gloves (worn)
 y - a +0 plate armour
 I - +0 steam dragon scales (worn)
 K - a +1 buckler of reflection (worn)
 L - a +1 cloak (worn)
 O - a +2 leather armour of cold resistance
Jewellery
 k - a ring of poison resistance
 l - an amulet of regeneration (around neck)
 o - a ring of see invisible
 B - a +6 ring of strength (right hand)
 F - an amulet of the acrobat
 G - a +6 ring of dexterity (left hand)
 M - a +5 ring of evasion
Wands
 s - a wand of polymorph (5)
 t - a wand of flame (20)
 v - a wand of roots (2)
 J - a wand of digging (11)
Scrolls
 e - 6 scrolls of teleportation
 h - 3 scrolls of vulnerability
 j - a scroll of enchant armour
 n - 3 scrolls of blinking
 u - 2 scrolls of identify
 D - a scroll of fog
Potions
 c - a potion of berserk rage
 g - 3 potions of attraction
 i - 3 potions of curing
 m - 5 potions of heal wounds
 q - a potion of invisibility
 r - 2 potions of lignification
 w - 2 potions of haste
 A - 3 potions of enlightenment
 E - 2 potions of resistance
 H - a potion of ambrosia


   Skills:
 - Level 10.0 Fighting
 - Level 14.0 Axes
 + Level 1.2(9.1) Polearms
 + Level 1.1 Ranged Weapons
 - Level 10.0 Armour
 + Level 7.9 Dodging
 + Level 4.4 Shields


You had 10 spell levels left.
You didn't know any spells.
Your spell library contained the following spells:

 Spells                   Type           Power      Damage    Failure   Level
 Ensorcelled Hibernation  Hex/Ice        0%         N/A       58%         2
 Passwall                 Tmut/Erth      0%         N/A       58%         2
 Dazzling Flash           Conj/Hex       0%         N/A       83%         3
 Ignite Poison            Fire/Tmut/Pois 0%         N/A       83%         3
 Stone Arrow              Conj/Erth      0%         3d7       83%         3
 Swiftness                Air            0%         N/A       83%         3
 Volatile Blastmotes      Fire/Tloc      0%         2d10      83%         3
 Animate Armour           Summ/Erth      0%         N/A       99%         4
 Sticky Flame             Conj/Fire      0%         2d3       99%         4
 Starburst                Conj/Fire      0%         6d3       100%        6
 Ignition                 Fire           0%         3d3       100%        8
 Lehudib's Crystal Spear  Conj/Erth      0%         10d2      100%        8
 Maxwell's Capacitive Co  Air            0%         ∞         100%        8


Dungeon Overview and Level Annotations

Branches:
Dungeon (11/15)            Temple (0/1) D:5            Lair (0/5) D:10
    Orc: D:9-12

Altars:
Ashenzari
Cheibriados
Dithmenos
Fedhas
Nemelex Xobeh
Okawaru
Sif Muna
Trog
Vehumet
Xom
Zin
The Shining One

Shops:
D:1 !   D:6 :   D:9 (   D:10 :


Innate Abilities, Weirdness & Mutations

You have a pair of horns on your head.
You reflexively headbutt those who attack you in melee.


Message History

The two-headed ogre looks as sick as possible!
The two-headed ogre is severely wounded.
An orc warrior comes into view. It is wielding a +0 glaive.
You hit the two-headed ogre.
The two-headed ogre looks as sick as possible!
You headbutt the two-headed ogre!
You kill the two-headed ogre!
Trog accepts your kill.
The orc warrior unwields a +0 glaive.
The orc warrior wields a +0 orcbow.
The orc warrior shoots an arrow.
The arrow hits you!
Your base Polearms skill increases to level 1!
Your Ranged Weapons skill increases to level 1!
Your +2 hand axe of venom stops dripping with poison.
Your +2 hand cannon of freezing is covered in frost.
b - a +2 hand cannon of freezing (weapon)
You are too injured to fight recklessly!
You are too injured to fight recklessly!
Fire: b) +2 hand cannon (freeze)
Press: ? - help, Q - select action, (/) - cycle Shift-Dir - straight line, f - orc warrior
Aim: an orc warrior, wielding a +0 orcbow and wearing a +0 chain mail (65% to hit)
You shoot a bolt.
The bolt hits the orc warrior but does no damage.
You hear a howl!
You hear a shout!
The orc warrior shoots an arrow.
The arrow closely misses you.
Fire: b) +2 hand cannon (freeze)
Press: ? - help, Q - select action, (/) - cycle Shift-Dir - straight line, f/p - orc warrior
Aim: an orc warrior, wielding a +0 orcbow and wearing a +0 chain mail (65% to hit)
You shoot a bolt.
The bolt closely misses the orc warrior.
A yaktaur captain comes into view. It is wielding a +0 club.
The orc warrior shoots an arrow.
The arrow closely misses you.
The yaktaur captain unwields a +0 club.
The yaktaur captain wields a +1 hand cannon of freezing.
It is covered in frost.
The yaktaur captain shoots a bolt.
The bolt hits you!!!
* * * LOW HITPOINT WARNING * * *
The bolt freezes you!
* * * LOW HITPOINT WARNING * * *
The orc warrior shoots an arrow.
The arrow completely misses you.
The yaktaur captain shoots a bolt.
The bolt hits you!!
You die...

...##....# ##.##..#.#
♣c♣. .#.....#.# ♣♣.o♣
.###...#.#######...##
.# #[..#............
.###...####.###....##
..............# ....
#####.#######.###°#
#....# #...@°# #.####
####### #.# ##.# ...#
####


You could see a yaktaur captain and an orc warrior.

Levels and vault maps discovered:
D:1:      sevenhm_arrival_forest_fort_small_6, layout_loops_ring, serial_glass,
          glass_columns_b, glass_columns_a, item_on_display_a, serial_shops,
          shop
D:2:      layout_rooms
D:3:      layout_rooms, nicolae_ecumenical_snake_handling
D:4:      layout_basic, grunt_temple_overflow_open,
          gammafunk_temple_overflow_wave
D:5:      layout_loops_ring, lemuel_tele_altar, minmay_temple_entry_poolview,
          uniq_grinder, uniq_sigmund
D:6:      layout_rooms, serial_shops, shop
D:7:      minmay_general_purpose_star, layout_basic, uniq_maggie, uniq_menkaure
D:8:      layout_basic, led_sif_pool, uniq_joseph
D:9:      layout_roguey, marbit_many_paths, nemelex_diamond_rough_becter,
          nicolae_dithmenos_through_a_glass_darkly, doesnt_shop_hydraphobe
D:10:     layout_stronghold, due_lair_maze_entry_diamond, serial_shops,
          nicolae_diamond_shop
D:11:     nzn_winding_woodlands_small [nzn_winding_woodlands_5x15_pool,
          nzn_winding_woodlands_center_diamonds,
          nzn_winding_woodlands_5x15_jagged], layout_basic,
          dreamdust_princess_corridor, tgw_xom, uniq_sonja

Notes
Turn   | Place    | Note
-------+----------+-------------------------------------------
     0 | D:1      | tbh1313 the Minotaur Berserker began the quest for the Orb.
     0 | D:1      | Reached XP level 1. HP: 19/19 MP: 0/0
    82 | D:1      | Reached skill level 4 in Axes
   124 | D:1      | Reached XP level 2. HP: 26/26 MP: 1/1
   232 | D:1      | Found Elameoki's Distillery.
   545 | D:1      | Reached skill level 5 in Axes
   827 | D:2      | Reached XP level 3. HP: 31/31 MP: 2/2
   853 | D:2      | Reached ** piety under Trog
  1166 | D:2      | Reached skill level 6 in Axes
  1166 | D:2      | Reached XP level 4. HP: 39/39 MP: 3/3
  1420 | D:3      | Found a faded altar of an unknown god.
  1822 | D:4      | Reached XP level 5. HP: 45/45 MP: 4/4
  1862 | D:4      | Reached skill level 7 in Axes
  1978 | D:4      | Found an iron altar of Okawaru.
  1978 | D:4      | Found a glowing silver altar of Zin.
  2092 | D:4      | Found a snail-covered altar of Cheibriados.
  2094 | D:4      | Found a glowing golden altar of the Shining One.
  2094 | D:4      | Found a broken altar of Ashenzari.
  2096 | D:4      | Found a shimmering altar of Xom.
  2097 | D:4      | Found a blossoming altar of Fedhas.
  2374 | D:4      | Reached *** piety under Trog
  2646 | D:4      | Reached skill level 8 in Axes
  2749 | D:5      | Entered Level 5 of the Dungeon
  2773 | D:5      | Reached XP level 6. HP: 51/51 MP: 5/5
  2869 | D:5      | Found a bloodstained altar of Trog.
  2871 | D:5      | Noticed Sigmund
  2879 | D:5      | Killed Sigmund
  2880 | D:5      | Reached skill level 9 in Axes
  3131 | D:5      | Reached XP level 7. HP: 52/57 MP: 6/6
  3215 | D:5      | Noticed Grinder
  3229 | D:5      | Killed Grinder
  3230 | D:5      | Reached skill level 10 in Axes
  3367 | D:5      | Found a staircase to the Ecumenical Temple.
  3480 | D:6      | Found Qexzuaj's Book Emporium.
  3606 | D:6      | Reached skill level 11 in Axes
  3633 | D:6      | Reached XP level 8. HP: 64/64 MP: 7/7
  3944 | D:7      | Reached skill level 12 in Axes
  4169 | D:7      | Reached skill level 13 in Axes
  4198 | D:7      | Identified the +4 morningstar of the Hurting Ass {flame,
                  | *Rage Fly rElec Str-2}
  4198 | D:7      | You fall into a shaft and drop 2 floors!
  4216 | D:9      | Noticed a hornet
  4227 | D:9      | Killed a hornet
  4271 | D:9      | Found a radiant altar of Vehumet.
  4307 | D:9      | Reached skill level 14 in Axes
  4316 | D:9      | Reached XP level 9. HP: 72/72 MP: 8/8
  4440 | D:9      | Noticed a two-headed ogre
  4445 | D:9      | Killed a two-headed ogre
  4524 | D:9      | Found a shadowy altar of Dithmenos.
  4605 | D:7      | Noticed Menkaure
  4621 | D:7      | Killed Menkaure
  4650 | D:7      | Reached skill level 10 in Fighting
  4852 | D:7      | Noticed Maggie
  4865 | D:7      | Killed Maggie
  4866 | D:7      | Reached skill level 5 in Armour
  5128 | D:7      | Reached XP level 10. HP: 92/93 MP: 9/9
  5334 | D:8      | Noticed Joseph
  5352 | D:8      | Killed Joseph
  5745 | D:8      | Reached **** piety under Trog
  6105 | D:8      | Found a shimmering blue altar of Sif Muna.
  6494 | D:9      | Found a sparkling altar of Nemelex Xobeh.
  6582 | D:9      | Found Huzalot's Hydra Hut.
  6587 | D:9      | Noticed a seven-headed hydra
  6841 | D:10     | Entered Level 10 of the Dungeon
  6882 | D:10     | Reached skill level 10 in Armour
  7230 | D:10     | Reached skill level 5 in Dodging
  7431 | D:10     | Found a staircase to the Lair.
  7559 | D:10     | Found Riam Zeuvud's Book Shop.
  7680 | D:9      | Bought a +2 hand cannon of freezing for 274 gold pieces
  8099 | D:11     | Found a shimmering altar of Xom.
  8146 | D:11     | Reached skill level 1 in Shields
  8146 | D:11     | Reached XP level 11. HP: 99/99 MP: 10/10
  8181 | D:11     | Noticed a tengu warrior
  8203 | D:11     | Killed a tengu warrior
  8377 | D:11     | Noticed Sonja
  8401 | D:11     | Killed Sonja
  8627 | D:11     | Noticed a two-headed ogre
  8634 | D:11     | Killed a two-headed ogre
  8635 | D:11     | Reached skill level 1 in Polearms
  8635 | D:11     | Reached skill level 1 in Ranged Weapons
  8637 | D:11     | Noticed a yaktaur captain
  8638 | D:11     | Shot with a bolt by a yaktaur captain

Table legend: (Time is in decaauts)
 A = Elapsed time spent in this place.
 B = Non-inter-level travel time spent in this place.
 C = Inter-level travel time spent in this place.
 D = Time resting spent in this place.
 E = Time spent auto-exploring this place.
 F = Levels seen in this place.
 G = Mean time per level.
                   A        B        C        D        E       F      G
               +--------+--------+--------+--------+--------+-----+--------+
         Total |   8595 |   8187 |    408 |    627 |   6137 |  11 |  781.4 |
       Dungeon |   8595 |   8187 |    408 |    627 |   6137 |  11 |  781.4 |
               +--------+--------+--------+--------+--------+-----+--------+

Top non-repeatable levels by time:
    D:10: 1145 daAuts
     D:8: 1094 daAuts
     D:7: 956 daAuts
     D:9: 910 daAuts
     D:4: 905 daAuts
     D:1: 827 daAuts
     D:5: 741 daAuts
    D:11: 566 daAuts
     D:3: 537 daAuts
     D:2: 496 daAuts
     D:6: 413 daAuts

Table legend:
 A = Kills in this place as a percentage of kills in the entire game.
 B = Kills by you in this place as a percentage of kills by you in the entire game.
 C = Kills by friends in this place as a percentage of kills by friends in the entire game.
 D = Other kills in this place as a percentage of other kills in the entire game.
 E = Experience gained in this place as a percentage of experience gained in the entire game.
 F = Experience gained in this place divided by the number of levels of this place that you have seen.
                   A       B       C       D       E      F
               +-------+-------+-------+-------+-------+----------------------
         Total | 100.0 | 100.0 |   N/A |   N/A | 100.0 | 1316.1
       Dungeon | 100.0 | 100.0 |   N/A |   N/A | 100.0 | 1316.1
               +-------+-------+-------+-------+-------+----------------------

Action                     |  1- 3 |  4- 6 |  7- 9 | 10-12 || total
---------------------------+-------+-------+-------+-------++-------
  Melee: Hand axe          |    75 |   151 |   165 |   246 ||   637
         Headbutt          |     7 |    11 |    27 |    51 ||    96
         Punch             |       |       |     1 |     5 ||     6
   Fire: Shortbow          |       |       |       |    11 ||    11
         Hand cannon       |       |       |       |    19 ||    19
 Invoke: Berserk           |     1 |     2 |     6 |     3 ||    12
         Trog's Hand       |       |       |     1 |     1 ||     2
    Use: Scroll            |     3 |    10 |     1 |    10 ||    24
         Potion            |       |       |     1 |       ||     1
 Armour: Animal skin       |    13 |       |       |       ||    13
         Chain mail        |    43 |   110 |    25 |       ||   178
         Plate armour      |       |       |    40 |       ||    40
         Ring mail         |       |       |    46 |    85 ||   131
         Steam dragon scal |       |       |       |    76 ||    76
  Dodge: Dodged            |    49 |    66 |    65 |   133 ||   313
  Block: Buckler           |       |       |       |     9 ||     9
         Reflection        |       |       |       |     2 ||     2

Vanquished Creatures
  2 two-headed ogres
  A tengu warrior (D:11)
  Sonja (D:11)
  Joseph (D:8)
  Maggie (D:7)
  A komodo dragon (D:11)
  A troll (D:11)
  A hornet (D:9)
  Grinder (D:5)
  Sigmund (D:5)
  2 wyverns
  6 yaks (D:10)
  2 steam dragons (D:7)
  Menkaure (D:7)
  3 water moccasins
  2 ice beasts
  4 orc warriors
  2 black bears
  5 centaurs
  2 phantoms
  3 kobold brigands
  10 bullfrogs
  A gnoll sergeant (D:10)
  2 scorpions
  17 wights
  13 killer bees
  4 hounds
  4 jellies
  A sleepcap (D:8)
  4 orc wizards
  7 gnolls
  5 adders
  A shadow imp (D:7)
  A white imp (D:5)
  3 dart slugs (D:3)
  33 orcs
  9 ball pythons
  6 endoplasms
  2 giant cockroaches
  6 goblins
  7 hobgoblins
  13 jackals
  23 kobolds
  3 quokkas (D:1)
  7 frilled lizards
  3 rats
228 creatures vanquished.
